 Dungeon Crawl Stone Soup version 0.30.1-4-g462c640d31 (webtiles) character file.

Game seed: 16386269767517177698

1746987 Fiora the Ruinous (level 27, 157/157 HPs)
             Began as a Gargoyle Fire Elementalist on Aug 22, 2023.
             Was the Champion of Vehumet.
             Escaped with the Orb
             ... and 4 runes on Aug 23, 2023!
             The game lasted 14:04:22 (120915 turns).

Fiora the Ruinous (Gargoyle Fire Elementalist)    Turns: 120915, Time: 14:04:22

Health: 157/157    AC: 42    Str: 14 (15) XL:     27
Magic:  44/48      EV: 20    Int: 30      God:    Vehumet [******]
Gold:   2474       SH:  0    Dex: 10      Spells: 10/68 levels left

rFire   + + +        n - +18 lance "Wyrmbane" {slay drac, rPois rF+ rC+ AC+3}
rCold   + + +        (no shield)
rNeg    + + +        r - +5 steam dragon scales
rPois   ∞            B - +1 helmet of the Shrike {rN+}
rElec   +            d - scarf {rC+ rF+}
rCorr   .            m - +0 pair of gloves
SInv    .            U - +2 pair of slick slippers {slick, slippery, EV+4}
Will    +++++        I - amulet "Gaheug" {Fly Will+++ Regen+ Int-3}
Stlth   ++           j - ring of Obsession {rC+ rN+}
HPRegen 2.06/turn    z - +6 ring of intelligence
MPRegen 0.31/turn

%: no passive effects
@: flying, studying Transmutations
A: sickness immunity, AC +20, big wings, negative energy resistance 1,
electricity resistance, torment resistance 1, petrification resistance, hooves
1, fire resistance 1, frail 1, regeneration 1, inability to drink after injury 2
0: Orb of Zot
}: 4/15 runes: decaying, serpentine, slimy, silver
a: Renounce Religion


You escaped.
You worshipped Vehumet.
Vehumet was exalted by your worship.
You visited 14 branches of the dungeon, and saw 59 of its levels.
You visited 1 bazaar.
You also visited: Gauntlet.

You collected 8070 gold pieces.
You spent 5596 gold pieces at shops.

Inventory:

Hand Weapons
 n - the +18 lance "Wyrmbane" (weapon) {slay drac, rPois rF+ rC+ AC+3}
   (You took it off Maggie on level 8 of the Dungeon)

   AC:        It affects your AC (+3).
   rF:        It protects you from fire.
   rC:        It protects you from cold.
   rPois:     It protects you from poison.
 u - a +4 quarterstaff of chaos
Armour
 d - a scarf of resistance (worn)
 m - a +0 pair of gloves (worn)
 r - +5 steam dragon scales (worn)
 B - the +1 helmet of the Shrike (worn) {rN+}
   (You found it on level 1 of the Elven Halls)

   rN:        It protects you from negative energy.
 F - the +1 cloak of the Devil {Dex+6}
   (You bought it in a shop on level 2 of the Orcish Mines)

   Dex:       It affects your dexterity (+6).
 U - the +2 pair of slick slippers (worn) {slick, slippery, EV+4}
   (You found it on level 3 of the Elven Halls)

   Slick:     Its wearer cannot be constricted, engulfed, netted or webbed.
   Slippery:  Its wearer slips away from damaging melee attacks, pulling the
   attacker onward.
   EV:        It affects your evasion (+4).
Magical Staves
 f - a staff of conjuration
 K - a staff of fire
Jewellery
 j - the ring of Obsession (left hand) {rC+ rN+}
   (You took it off a deep elf demonologist on level 3 of the Elven Halls)

   [ring of positive energy]

   rC:        It protects you from cold.
   rN:        It protects you from negative energy.
 q - a +6 ring of strength
 x - the amulet "Horumilu" {Acrobat Rampage rC+ Will+ Dex+3}
   (You found it on level 5 of the Pits of Slime)

   [amulet of the acrobat]

   It increases your evasion while moving and waiting.
   Dex:       It affects your dexterity (+3).
   rC:        It protects you from cold.
   Rampage:   It bestows one free step when moving towards enemies.
   Will:      It increases your willpower.
 z - a +6 ring of intelligence (right hand)
 C - the ring of Sloth {AC+4 Dex+4}
   (You took it off a deep elf pyromancer on level 3 of the Elven Halls)

   [ring of protection]

   AC:        It affects your AC (+4).
   Dex:       It affects your dexterity (+4).
 E - the ring of Koimem {rPois rF+ rN+ Dex+3}
   (You bought it in a shop on level 2 of the Depths)

   [ring of protection from fire]

   Dex:       It affects your dexterity (+3).
   rF:        It protects you from fire.
   rPois:     It protects you from poison.
   rN:        It protects you from negative energy.
 I - the amulet "Gaheug" (around neck) {Fly Will+++ Regen+ Int-3}
   (You took it off a tengu reaver on level 3 of the Depths)

   [amulet of regeneration]

   Int:       It affects your intelligence (-3).
   Fly:       It grants you flight.
   Regen:     It increases your rate of health regeneration.
   Will:      It greatly increases your willpower.
 J - a ring of protection from cold
 M - the amulet "Qudoot" {Reflect Str+5 SH+5}
   (You found it on level 1 of the Depths)

   [amulet of reflection]

   It reflects blocked missile attacks.
   Str:       It affects your strength (+5).
   SH:        It affects your SH (+5).
 P - an amulet of magic regeneration
 S - the ring of Ykhy {Str+2 SInv}
   (You found it on level 3 of the Depths)

   [ring of see invisible]

   Str:       It affects your strength (+2).
   SInv:      It lets you see invisible.
 V - a ring of fire
 Z - a +6 ring of intelligence
Wands
 c - a wand of mindburst (44)
 w - a wand of roots (59)
 y - a wand of flame (94)
 D - a wand of paralysis (49)
 H - a wand of digging (44)
 L - a wand of polymorph (25)
 O - a wand of quicksilver (36)
Scrolls
 s - 7 scrolls of fear
 t - 6 scrolls of magic mapping
 v - 11 scrolls of fog
 G - 5 scrolls of blinking
 N - 14 scrolls of poison
 Q - 11 scrolls of teleportation
 X - 2 scrolls of butterflies
 Y - 5 scrolls of amnesia
Potions
 b - 7 potions of magic
 g - 3 potions of brilliance
 i - a potion of mutation
 l - 3 potions of resistance
 o - 23 potions of curing
 p - 6 potions of might
 A - 2 potions of haste
 R - a potion of invisibility (quivered)
 T - 6 potions of cancellation
 W - 8 potions of ambrosia
Miscellaneous
 a - a lightning rod (4/4)
 k - a piece from Xom's chessboard (15/15)


   Skills:
 + Level 18.7 Fighting
 - Level 11.9(12.0) Polearms
 - Level 2.3(8.6) Staves
 + Level 12.9 Armour
 + Level 13.8 Dodging
 - Level 12.0 Stealth
 + Level 21.0 Spellcasting
 - Level 25.0 Conjurations
 - Level 6.1 Translocations
 - Level 4.0 Transmutations
 * Level 21.9 Fire Magic
 - Level 3.0 Air Magic
 + Level 20.5 Earth Magic
 - Level 4.0 Poison Magic
 - Level 4.0 Evocations


You had 10 spell levels left.
You knew the following spells:

 Your Spells              Type           Power      Damage    Failure   Level
a - Foxfire               Conj/Fire      100%       2x1d9     0%          1
b - Scorch                Fire           100%       2d9       0%          2
c - Iron Shot             Conj/Erth      53%        9d10      0%          6
d - Ignition              Fire           52%        3d14      1%          8
e - Gell's Gravitas       Tloc           62%        N/A       1%          3
f - Mephitic Cloud        Conj/Pois/Air  77%        N/A       1%          3
g - Lehudib's Crystal Sp  Conj/Erth      53%        10d12     1%          8
h - Fireball              Conj/Fire      53%        3d21      0%          5
i - Starburst             Conj/Fire      53%        6d14      0%          6
j - Lee's Rapid Deconstr  Erth           50%        3d24*     0%          5
k - Blink                 Tloc           100%       N/A       1%          2
l - Fire Storm            Conj/Fire      53%        8d14      2%          9

Your spell library contained the following spells:

 Spells                   Type           Power      Damage    Failure   Level
 Shatter                  Erth           50%        3d38*     7%          9
 Kiss of Death            Conj/Necr      100%       2d13      0%          1
 Magic Dart               Conj           100%       1d8       0%          1
 Sandblast                Erth           100%       2d20      0%          1
 Shock                    Conj/Air       100%       1d9       0%          1
 Passwall                 Tmut/Erth      67%        N/A       0%          2
 Searing Ray              Conj           100%       2d8       0%          2
 Dazzling Flash           Conj/Hex       100%       N/A       0%          3
 Stone Arrow              Conj/Erth      100%       3d13      0%          3
 Volatile Blastmotes      Fire/Tloc      100%       2d18      0%          3
 Flame Wave               Conj/Fire      100%       2d21      0%          4
 Iskenderun's Mystic Bla  Conj/Tloc      90%        2d18      0%          4
 Sticky Flame             Conj/Fire      100%       2d11      0%          4
 Iskenderun's Battlesphe  Conj           100%       2d15      0%          5
 Necrotise                Necr           100%       1d9       1%          1
 Slow                     Hex            100%       N/A       1%          1
 Sting                    Tmut/Pois      100%       1d8       1%          1
 Summon Small Mammal      Summ           100%       N/A       1%          1
 Call Imp                 Summ           62%        N/A       1%          2
 Ensorcelled Hibernation  Hex/Ice        62%        N/A       1%          2
 Lesser Beckoning         Tloc           100%       N/A       1%          2
 Poisonous Vapours        Pois/Air       100%       N/A       1%          2
 Ignite Poison            Fire/Tmut/Pois 75%        N/A       1%          3
 Inner Flame              Hex/Fire       77%        N/A       1%          3
 Portal Projectile        Hex/Tloc       98%        N/A       1%          3
 Swiftness                Air            49%        N/A       1%          3
 Teleport Other           Tloc           62%        N/A       1%          3
 Vhi's Electric Charge    Tloc/Air       100%       N/A       1%          3
 Airstrike                Air            24%        2d(4-20)  1%          4
 Animate Armour           Summ/Erth      100%       N/A       1%          4
 Fulminant Prism          Conj/Hex       41%        3d19      1%          4
 Leda's Liquefaction      Hex/Erth       37%        N/A       1%          4
 Manifold Assault         Tloc           62%        N/A       1%          4
 Olgreb's Toxic Radiance  Pois           54%        N/A       1%          4
 Passage of Golubria      Tloc           62%        N/A       1%          4
 Arcjolt                  Conj/Air       43%        1d53      1%          5
 Borgnjor's Vile Clutch   Necr/Erth      37%        N/A       1%          5
 Freezing Cloud           Conj/Ice/Air   36%        6-21      1%          5
 Irradiate                Conj/Tmut      43%        3d26      1%          5
 Conjure Ball Lightning   Conj/Air       43%        3x3d15    1%          6
 Plasma Beam              Fire/Air       41%        2x1d60    1%          6
 Orb of Destruction       Conj           55%        9d14      1%          7
 Spellforged Servitor     Conj/Summ      41%        N/A       1%          7
 Call Canine Familiar     Summ           31%        N/A       3%          3
 Confusing Touch          Hex            31%        N/A       3%          3
 Ozocubu's Armour         Ice            31%        N/A       3%          3
 Summon Guardian Golem    Hex/Summ       31%        N/A       3%          3
 Tukima's Dance           Hex            31%        N/A       3%          3
 Vampiric Draining        Necr           31%        2d8       3%          3
 Ice Form                 Ice/Tmut       43%        N/A       4%          4
 Yara's Violent Unravell  Hex/Tmut       21%        3d10      4%          5
 Summon Lightning Spire   Summ/Air       40%        N/A       6%          4
 Alistair's Intoxication  Tmut/Pois      36%        N/A       6%          5
 Blade Hands              Tmut           26%        N/A       6%          5
 Summon Forest            Summ/Tloc      24%        N/A       9%          5
 Eringya's Noxious Bog    Tmut/Pois      27%        N/A       9%          6
 Animate Dead             Necr           31%        N/A       11%         4
 Dispel Undead            Necr           31%        3d14      11%         4
 Dispersal                Tloc           31%        N/A       14%         6
 Silence                  Hex/Air        20%        N/A       17%         5
 Agony                    Necr           31%        N/A       30%         5
 Summon Mana Viper        Hex/Summ       31%        N/A       30%         5
 Death Channel            Necr           15%        N/A       86%         6
 Summon Cactus Giant      Summ           15%        N/A       86%         6
 Dragon Form              Tmut           26%        N/A       88%         7
 Ozocubu's Refrigeration  Ice            15%        4d10      90%         7
 Storm Form               Tmut/Air       25%        N/A       92%         7
 Malign Gateway           Summ/Tloc      24%        N/A       95%         7
 Disjunction              Tloc           31%        N/A       99%         8
 Maxwell's Capacitive Co  Air            24%        ∞         99%         8
 Haunt                    Necr/Summ      15%        N/A       100%        7
 Monstrous Menagerie      Summ           15%        N/A       100%        7
 Summon Hydra             Summ           15%        N/A       100%        7
 Borgnjor's Revivificati  Necr           15%        N/A       100%        8
 Necromutation            Tmut/Necr      21%        N/A       100%        8
 Summon Horrible Things   Summ           15%        N/A       100%        8
 Death's Door             Necr           15%        N/A       100%        9
 Cigotuvi's Dreadful Rot  Necr/Pois/Air  Unusable   N/A       N/A         2
 Statue Form              Tmut/Erth      Unusable   N/A       N/A         6

Dungeon Overview and Level Annotations

Branches:
Dungeon (15/15)            Temple (1/1) D:5            Lair (5/5) D:10
  Swamp (4/4) Lair:2        Snake (4/4) Lair:3        Slime (5/5) Lair:5
    Orc (2/2) D:11            Elf (3/3) Orc:2        Vaults (5/5) D:13
  Crypt (3/3) Vaults:2       Tomb (2/3) Crypt:3      Depths (4/4) D:15
   Hell (visited)             Zot (5/5) Depths:4    Gauntlet (visited)
    Dis: Hell:1         Geh: Hell:1         Coc: Hell:1         Tar: Hell:1

Altars:
Ashenzari
Cheibriados
Dithmenos
Elyvilon
Fedhas
Gozag
Hepliaklqana
Kikubaaqudgha
Makhleb
Nemelex Xobeh
Okawaru
Qazlal
Ru
Uskayaw
Vehumet
Wu Jian
Xom
Yredelemnul
The Shining One
Jiyva
Lugonu

Shops:
D:4 :*[:**(*   D:11 :   Orc:1 *   Orc:2 [*[!   Snake:1 ([(*   Snake:3 [
Snake:4 *[   Vaults:2 =   Vaults:4 =   Depths:1 *   Depths:2 =   Depths:3 [

Portals:
Hell: Depths:1 Depths:2 Depths:3 Depths:4
Abyss: Slime:3 Depths:3
Pandemonium: Depths:1 Depths:2
Ziggurat: Depths:1

Annotations:
Temple 2 transporters
Lair:5 exclusion: obsidian statue
Elf:3 1 runed translucent door, Taurus's ghost, adept MiFi
Vaults:1 2 transporters, exclusion: orange crystal statue
Vaults:3 1 runed translucent door, croobank's ghost, adept DsFE
Hell Geryon


Innate Abilities, Weirdness & Mutations

You are immune to sickness and miasma.
Your stone body is resilient. (AC +20)
You are immune to poison.
Your large and strong wings let you fly.
You resist negative energy. (rN+)
You are resistant to electric shocks. (rElec)
You are resistant to unholy torment.
You are immune to petrification.
You have large cloven feet.
Your flesh is heat resistant. (rF+)
You are frail. (-10% HP)
Your natural rate of healing is unusually fast.
You sometimes lose the ability to drink potions when taking damage.


Message History

You fly upwards.
There is a stone staircase leading down here.
You see here a +0 spear.
There is a stone staircase leading up here.
You fly upwards.
There is a stone staircase leading down here.
There is a stone staircase leading up here.
You fly upwards.
There is a stone staircase leading down here.
There is a stone staircase leading up here.
You fly upwards.
There is a stone staircase leading down here.
There is an open door here.
There is a stone staircase leading up here.
Something closely misses you.
You fly upwards.
There is a stone staircase leading down here.
As you read the scroll of teleportation, it crumbles to dust.
You feel strangely unstable.
You feel the Orb delaying your translocation!
Something hits you but does no damage.
Deactivating autopickup; reactivate with Ctrl-A.
You puncture something! You puncture something! Something closely misses you.
You hit something. You impale something!! Something hits you!
You feel your power leaking away.
You impale something!! You miss something. Something hits you.
You feel your power leaking away.
You puncture something! Vehumet accepts your kill.
You feel your power returning.
Reactivating autopickup.
You feel a bit more experienced.
Your surroundings suddenly seem different.
You see here 3 stones.
There is a staircase leading out of the dungeon here.
You can't go down here!
You have escaped!

#### #.# #.##.....# #....
###########.############ #....
............#.......## #....
#########.#...♣♣.♣♣..## #....
## #....♣♣♣♣.♣♣♣♣.### #.... .#
#.>.♣♣♣♣∩.∩♣♣♣♣.># #.... .#
#...♣♣∩.....∩♣♣..# #.... .##
##.♣♣∩..♣♣♣..∩♣♣.# ##.###
..### #.♣♣∩...@...∩♣♣.# ##..#
.)..# #.♣♣∩..♣♣♣..∩♣♣.# #..##
.##.#####..♣♣∩.....∩♣♣..###.##
###......>.♣♣♣.∩∩∩♣.♣♣.>#...#
######.##.♣.♣♣♣♣♣...###.###
#..##..♣♣♣♣♣..#..(.#
##...#..........####
###..##......### ##.##.######


There were no monsters in sight!

Vanquished Creatures
  the Royal Jelly (Slime:5)
  Dissolution (Slime:3)
  Tiamat (Zot:4)
  3 dread liches
  An ancient lich (Crypt:3)
  7 orbs of fire
  Mennas (Depths:3)
  5 royal mummies
  Parghit (Depths:3)
  3 Killer Klowns (Zot:5)
  4 curse toes
  Xtahua (Vaults:2)
  10 golden dragons
  A profane servitor (Crypt:3)
  Jory (Vaults:2)
  2 bone dragons
  A shard shrike zombie (Tomb:2)
  4 electric golems
  Zenata (Vaults:2)
  2 walking earthen tomes (Depths:3)
  22 tentacled monstrosities
  Rupert (Lair:4)
  5 liches
  A deep elf master archer (Elf:3)
  8 quicksilver dragons
  26 Orb Guardians
  Mlioglotl (Swamp:3)
  4 titans
  A shard shrike skeleton (Crypt:3)
  8 death cobs
  13 sphinxes
  2 deep elf blademasters
  7 ancient champions
  20 acid blobs
  Kirke (Elf:1)
  15 storm dragons
  Frances (D:13)
  3 thorn hunters
  12 tengu reavers
  5 revenants
  Donald (Snake:4)
  5 shadow dragons
  Roxanne (Snake:3)
  9 draconian monks
  2 nagarajas
  15 fire giants
  3 fenstrider witches
  16 rockslimes
  11 deep elf sorcerers
  14 azure jellies
  5 draconian knights
  13 vault wardens
  2 ghost moths
  9 frost giants
  A draconian scorcher (Zot:1)
  10 draconian shifters
  5 ghouls
  A juggernaut zombie (Swamp:3)
  Aizul (Snake:1)
  5 deep elf elementalists (Elf:3)
  20 very ugly things
  5 curse skulls
  7 draconian stormcallers
  A reaper (Crypt:3)
  A spriggan defender (Depths:3)
  2 orc warlords
  5 draconian annihilators
  A war gargoyle (Zot:1)
  11 quicksilver oozes
  22 ironbound preservers
  2 bennus (Tomb:1)
  14 green draconians
  13 yellow draconians
  24 black draconians
  12 ironbound thunderhulks
  14 stone giants
  2 vampire knights
  3 deep elf demonologists
  3 eleionomae
  5 deep elf annihilators (Elf:3)
  2 lorocyprocas
  11 white draconians
  Azrael (Elf:1)
  20 dire elephants
  A spark wasp (shapeshifter) (D:13)
  16 purple draconians
  11 red draconians
  A minotaur (Gauntlet)
  A green death (Depths:2)
  8 spark wasps
  5 bunyips
  11 ettins
  11 mummy priests
  A quicksilver dragon zombie (Depths:2)
  11 deep elf death magi
  A blizzard demon (Hell)
  3 entropy weavers
  Josephine (Snake:1)
  4 eidola
  12 fire dragons
  8 jiangshi
  10 yaktaur captains
  2 deep elf high priests (Elf:3)
  7 great orbs of eyes
  3 shambling mangroves
  8 ice dragons
  4 rakshasas
  2 ghost crabs (Swamp:3)
  A spriggan zombie (Crypt:3)
  30 vault guards
  2 spriggan air magi
  A great orb of eyes (shapeshifter) (Vaults:5)
  24 hydras
  6 salamander tyrants
  9 anacondas
  2 spriggan skeletons
  2 death knights
  A boulder beetle (shapeshifter) (Vaults:5)
  9 ironbound frosthearts
  11 centaur warriors
  7 boulder beetles
  30 dancing weapons
  4 ogre magi
  6 tengu warriors
  An azure jelly zombie (Crypt:3)
  7 alligators
  3 deep troll earth magi
  A fenstrider witch skeleton (Crypt:3)
  7 hell hogs
  4 spriggan berserkers
  4 death scarabs (Tomb:1)
  20 two-headed ogres
  2 orc high priests (Elf:1)
  13 naga warriors
  4 deep troll shamans
  Urug (D:12)
  4 death yaks
  A titan zombie (Depths:2)
  A spectral dire elephant (Lair:5)
  4 naga sharpshooters
  6 soul eaters
  8 vampire magi
  Sonja (D:13)
  10 hell knights
  10 shock serpents
  An emperor scorpion zombie (Crypt:2)
  A fire crab (Lair:5)
  A sun demon (Depths:1)
  A skyshark (Lair:4)
  6 goliath frogs
  19 deep elf knights
  5 shadow wraiths (Crypt:3)
  3 iron trolls
  7 salamander mystics
  17 deep elf archers
  3 sixfirhies
  3 bunyip zombies
  A golden dragon zombie (Crypt:2)
  A spectral death yak (Lair:5)
  29 skeletal warriors
  Lodul (D:13)
  9 naga ritualists
  A spectral anaconda (Lair:5)
  13 bog bodies
  40 deep trolls
  2 spriggan druids (Swamp:4)
  10 swamp dragons
  A glowing orange brain (shapeshifter) (Vaults:5)
  6 flayed ghosts
  32 deep elf zephyrmancers
  A glowing orange brain (Slime:5)
  8 lindwurms
  4 large abominations (Depths:3)
  An obsidian statue (Zot:5)
  24 ironbound convokers
  4 orc knights
  A harpy (Vaults:2)
  7 phantasmal warriors
  A wolf spider zombie (Crypt:3)
  21 deep elf pyromancers
  3 mana vipers
  10 necromancers
  10 wizards
  An orc sorcerer (Orc:2)
  2 shining eyes (shapeshifter)
  A wolf spider (Vaults:5)
  5 shining eyes
  7 cyclopes
  28 salamanders
  3 manticores
  A moth of wrath (shapeshifter) (Vaults:5)
  Maurice (D:13)
  23 elephants
  A will-o-the-wisp (Swamp:3)
  14 naga magi
  23 moths of wrath
  17 ugly things
  2 dire elephant zombies (Lair:5)
  27 vault sentinels
  A guardian serpent (shapeshifter) (Elf:1)
  36 black mambas
  134 slime creatures
  A titan simulacrum (Crypt:3)
  A stone giant skeleton (Crypt:3)
  A frost giant skeleton (Crypt:2)
  2 guardian serpents
  11 cane toads
  2 gargoyles
  2 rust devils (Hell)
  4 eyes of devastation
  A smoke demon (Depths:2)
  A rime drake (shapeshifter) (Vaults:5)
  A storm dragon simulacrum (Depths:2)
  A human zombie (Vaults:5)
  An alligator snapping turtle skeleton (Crypt:1)
  2 unseen horrors
  Maggie (D:8)
  4 rime drakes
  2 komodo dragons (shapeshifter)
  A white draconian zombie (Crypt:1)
  10 komodo dragons
  31 yaktaurs
  15 guardian mummies
  An anaconda simulacrum (Crypt:1)
  An ice devil (Depths:2)
  7 freezing wraiths
  A pale draconian zombie (Crypt:3)
  A red draconian zombie (Crypt:3)
  A harpy zombie (Crypt:2)
  An unseen horror skeleton (Crypt:1)
  5 tengu conjurers
  6 meliai
  2 bloated husks (Swamp:2)
  A minotaur skeleton (Crypt:2)
  A death yak skeleton (Crypt:3)
  14 hornets
  A yaktaur skeleton (Vaults:5)
  A queen bee (D:11)
  3 polar bears
  A fire dragon zombie (Crypt:1)
  A queen bee (shapeshifter) (D:13)
  11 trolls
  9 tyrant leeches
  A tyrant leech (shapeshifter) (Vaults:5)
  Prince Ribbit (D:5)
  16 blink frogs
  11 dream sheep
  8 small abominations (Depths:3)
  3 raiju (Zot:1)
  A radroach zombie (Crypt:2)
  An iron dragon simulacrum (Tomb:2)
  A snapping turtle (shapeshifter) (Vaults:3)
  3 spectral elephants (Lair:5)
  A centaur simulacrum (D:15)
  2 jumping spiders
  A guardian serpent skeleton (Crypt:1)
  5 air elementals
  5 water elementals
  A spriggan (shapeshifter) (D:14)
  A dire elephant simulacrum (Crypt:3)
  13 flying skulls (Tomb:1)
  A vampire (D:10)
  5 ushabtiu
  21 wraiths
  A culicivora (Vaults:3)
  10 fire elementals
  7 spriggans
  A shadow (D:13)
  A yak (shapeshifter) (Depths:3)
  7 wyverns
  2 fire bats (Gauntlet)
  5 golden eyes
  3 vampire mosquitoes
  34 yaks
  4 basilisks
  6 hogs (Elf:1)
  3 redbacks
  A black mamba skeleton (Crypt:3)
  2 chaos spawn (Depths:3)
  3 steam dragons
  A death yak simulacrum (Lair:5)
  50 nagas
  4 harpy simulacra
  4 naga zombies
  A spectral cane toad (Lair:5)
  12 swamp worms
  A human simulacrum (Vaults:5)
  A hydra simulacrum (Crypt:3)
  3 wargs
  3 acid dragons
  An acid dragon (shapeshifter) (D:13)
  14 water moccasins
  3 floating eyes
  2 floating eyes (shapeshifter)
  3 hell hounds
  28 orc warriors
  A naga skeleton (Crypt:2)
  A sky beast (D:7)
  A glowing shapeshifter skeleton (Vaults:5)
  10 swamp drakes
  4 black bears
  7 ice beasts
  34 ogres
  3 elephant zombies
  5 boggarts
  A deep troll simulacrum (Vaults:5)
  9 centaurs
  An ettin simulacrum (Crypt:3)
  2 swamp dragon skeletons (Swamp:3)
  12 wolves
  A tengu (shapeshifter) (Depths:2)
  2 elephant skeletons (Lair:5)
  4 phantoms
  2 kobold brigands
  An elf zombie (Crypt:1)
  7 bullfrogs
  A cane toad simulacrum (Lair:5)
  3 gnoll sergeants
  3 earth elementals
  10 scorpions
  A draconian skeleton (Crypt:2)
  6 necrophages
  A salamander skeleton (Crypt:3)
  5 wights (D:7)
  A cyclops skeleton (Crypt:2)
  37 killer bees
  2 elephant simulacra (Lair:5)
  A troll skeleton (Crypt:3)
  4 electric eels
  7 howler monkeys
  Crazy Yiuf (D:3)
  6 jellies
  2 gnoll boudas
  11 orc priests
  11 hounds
  Ijyb (D:3)
  3 iguanas
  17 orc wizards
  5 lightning spires (Zot:1)
  An ogre zombie (Crypt:3)
  An ogre skeleton (Crypt:3)
  16 mummies
  A howler monkey zombie (Crypt:1)
  11 adders
  23 gnolls
  A steam dragon skeleton (Crypt:2)
  6 shadow imps (Gauntlet)
  3 white imps
  2 ufetubi
  An iguana zombie (Crypt:1)
  An iguana skeleton (Crypt:2)
  A worm (D:2)
  3 dart slugs
  66 orcs
  4 ball pythons
  7 bats
  7 endoplasms
  2 giant cockroaches (D:2)
  11 goblins
  4 hobgoblins
  4 jackals (D:3)
  16 kobolds
  5 frilled lizards (D:1)
  A goblin skeleton (Crypt:2)
  3 rats
  A spectral orc (D:15)
  2 ball lightnings (Zot:1)
  A fire vortex (Depths:1)
  2 foxfires
  A lurking horror (Slime:3)
2513 creatures vanquished.

Vanquished Creatures (collateral kills)
  3 foxfires
3 creatures vanquished.

Vanquished Creatures (others)
  An electric golem (Zot:1)
  A shadow dragon (Depths:3)
  A shock serpent (Zot:1)
  A deep elf knight (Elf:2)
  A bloated husk (Swamp:3)
  3 ball lightnings (Zot:1)
  A creeping inferno (Hell)
  16 fire vortices
  1818 foxfires
1843 creatures vanquished.

Grand Total: 4359 creatures vanquished

Notes
Turn   | Place    | Note
-------+----------+-------------------------------------------
     0 | D:1      | Fiora the Gargoyle Fire Elementalist began the quest for
                  | the Orb.
     0 | D:1      | Reached XP level 1. HP: 10/10 MP: 3/3
   231 | D:1      | Reached XP level 2. HP: 15/15 MP: 3/5
   234 | D:1      | Learned a level 2 spell: Scorch
   331 | D:1      | Found a faded altar of an unknown god.
  1270 | D:1      | Reached XP level 3. HP: 20/20 MP: 3/6
  1527 | D:2      | Reached skill level 1 in Fighting
  2469 | D:3      | Noticed a black bear
  2481 | D:3      | Killed a black bear
  2482 | D:3      | Reached skill level 2 in Conjurations
  2482 | D:3      | Reached XP level 4. HP: 25/25 MP: 0/8
  2482 | D:3      | Reached XP level 5. HP: 29/29 MP: 0/9
  2749 | D:3      | Found a sacrificial altar of Ru.
  2948 | D:3      | Found a runed translucent door.
  2949 | D:3      | Noticed Crazy Yiuf
  3577 | D:3      | Noticed Ijyb
  3674 | D:3      | Killed Ijyb
  4059 | D:3      | Reached XP level 6. HP: 35/35 MP: 2/11
  4204 | D:3      | Killed Crazy Yiuf
  4527 | D:4      | Reached skill level 5 in Fire Magic
  4527 | D:4      | Reached XP level 7. HP: 38/40 MP: 2/13
  4660 | D:4      | Found Xupt's Book Emporium.
  4662 | D:4      | Found Vankurghi's General Store.
  4681 | D:4      | Found Cus Mobb's Antique Armour Boutique.
  4683 | D:4      | Found Nelod's Assorted Antiques.
  4685 | D:4      | Found Ijuisep's General Store.
  4685 | D:4      | Found Epev Nor's Antique Weapon Boutique.
  4693 | D:4      | Bought a potion of curing for 36 gold pieces
  4721 | D:4      | Reached skill level 1 in Armour
  4942 | D:4      | Found Meiripon's General Store.
  5110 | D:4      | Found Vuel's Vocational Training.
  5202 | D:4      | Found a hazy altar of Hepliaklqana.
  5211 | D:4      | Reached XP level 8. HP: 46/46 MP: 10/15
  5571 | D:5      | Entered Level 5 of the Dungeon
  5686 | D:5      | Reached skill level 5 in Spellcasting
  5718 | D:5      | Found a broken altar of Ashenzari.
  6145 | D:5      | Reached skill level 1 in Evocations
  6206 | D:5      | Found a staircase to the Ecumenical Temple.
  6215 | Temple   | Entered the Ecumenical Temple
  6215 | Temple   | Found a transporter.
  6215 | Temple   | Found a transporter.
  6217 | Temple   | Found a transporter.
  6217 | Temple   | Found a transporter.
  6232 | Temple   | Became a worshipper of Vehumet
  6250 | D:5      | Noticed Prince Ribbit
  6255 | D:5      | Killed Prince Ribbit
  6256 | D:5      | Reached skill level 1 in Staves
  6420 | D:5      | Reached skill level 3 in Conjurations
  6707 | D:5      | Found an iron altar of Okawaru.
  6938 | D:5      | Found a shimmering altar of Xom.
  7383 | D:6      | Reached XP level 9. HP: 52/52 MP: 9/17
  7387 | D:6      | Learned a level 3 spell: Volatile Blastmotes
  8044 | D:6      | Reached skill level 1 in Translocations
  8224 | D:6      | Reached skill level 4 in Conjurations
  8340 | D:6      | Reached skill level 5 in Fighting
  8511 | D:6      | Reached * piety under Vehumet
  8511 | D:6      | Offered knowledge of Freeze by Vehumet.
  9965 | D:7      | Reached XP level 10. HP: 60/60 MP: 14/20
 10976 | D:8      | Learned a level 4 spell: Flame Wave
 10980 | D:8      | Learned a level 3 spell: Gell's Gravitas
 11081 | D:8      | Reached ** piety under Vehumet
 11081 | D:8      | Offered knowledge of Sandblast by Vehumet.
 11597 | D:8      | Noticed Maggie
 11618 | D:8      | Killed Maggie
 11619 | D:8      | Reached skill level 5 in Conjurations
 12282 | D:4      | Bought a book of Vapours for 312 gold pieces
 12286 | D:4      | Learned a level 3 spell: Mephitic Cloud
 13172 | D:9      | Offered knowledge of Frozen Ramparts by Vehumet.
 13410 | D:9      | Found a glowing golden altar of the Shining One.
 13410 | D:9      | Found a white marble altar of Elyvilon.
 13513 | D:10     | Entered Level 10 of the Dungeon
 13565 | D:10     | Reached skill level 1 in Polearms
 13565 | D:10     | Reached XP level 11. HP: 66/66 MP: 15/22
 13571 | D:10     | Reached skill level 1 in Poison Magic
 13741 | D:10     | Reached skill level 1 in Air Magic
 13776 | D:10     | Reached *** piety under Vehumet
 13941 | D:10     | Found a staircase to the Lair.
 14188 | D:10     | Noticed a two-headed ogre
 14197 | D:10     | Killed a two-headed ogre
 14198 | D:10     | Reached skill level 5 in Stealth
 14494 | D:10     | Found an ornate altar of the Wu Jian Council.
 14495 | D:10     | Found a hide-covered altar of Uskayaw.
 14495 | D:10     | Found a sparkling altar of Nemelex Xobeh.
 14780 | Lair:1   | Entered Level 1 of the Lair of Beasts
 14793 | D:10     | Reached skill level 5 in Armour
 15193 | Lair:1   | Offered knowledge of Stone Arrow by Vehumet.
 15199 | Lair:1   | Learned a level 4 spell: Iskenderun's Mystic Blast
 15258 | Lair:1   | Found the +18 Lear's hauberk
 16099 | Lair:2   | Noticed a five-headed hydra
 16318 | Lair:1   | Reached XP level 12. HP: 68/73 MP: 6/24
 16434 | Lair:2   | Reached skill level 6 in Conjurations
 16585 | Lair:2   | Killed a five-headed hydra
 16668 | Lair:2   | Reached **** piety under Vehumet
 16993 | Lair:2   | Found a staircase to the Swamp.
 17566 | Lair:3   | Offered knowledge of Fireball by Vehumet.
 17567 | Lair:3   | Reached skill level 10 in Fire Magic
 17760 | Lair:3   | Noticed an eight-headed hydra
 17771 | Lair:2   | Killed an eight-headed hydra
 18001 | Lair:3   | Found a staircase to the Snake Pit.
 18024 | Lair:3   | Reached skill level 5 in Dodging
 18147 | Lair:3   | Reached skill level 5 in Translocations
 18773 | Lair:3   | Noticed an eight-headed hydra
 18780 | Lair:3   | Learned a level 5 spell: Fireball
 18786 | Lair:3   | Killed an eight-headed hydra
 19071 | Lair:3   | Noticed a boulder beetle
 19454 | Lair:3   | Killed a boulder beetle
 19455 | Lair:3   | Reached skill level 7 in Conjurations
 19455 | Lair:3   | Reached XP level 13. HP: 40/79 MP: 6/26
 20459 | Lair:4   | Reached ***** piety under Vehumet
 20459 | Lair:4   | Offered knowledge of Yara's Violent Unravelling by Vehumet.
 20894 | Lair:5   | Entered Level 5 of the Lair of Beasts
 21649 | Lair:5   | Noticed Rupert
 21685 | Lair:4   | Killed Rupert
 21686 | Lair:4   | Reached skill level 10 in Spellcasting
 22809 | Lair:4   | Learned a level 6 spell: Starburst
 23014 | Lair:4   | Gained mutation: Your large and strong wings let you fly.
                  | [Gargoyle growth]
 23014 | Lair:4   | Reached XP level 14. HP: 71/86 MP: 7/28
 23345 | Lair:5   | Found a staircase to the Slime Pits.
 23379 | Lair:5   | Noticed a dire elephant
 23379 | Lair:5   | Noticed a dire elephant
 23475 | Lair:5   | Noticed a dire elephant
 23475 | Lair:5   | Noticed a dire elephant
 23636 | Lair:5   | Reached skill level 8 in Conjurations
 24370 | Lair:5   | Noticed a dire elephant
 24605 | Lair:4   | Reached skill level 5 in Polearms
 25057 | Lair:5   | Reached skill level 10 in Fighting
 25173 | Lair:5   | Killed a dire elephant
 26402 | Lair:4   | Killed a dire elephant
 26599 | Lair:5   | Killed a dire elephant
 26600 | Lair:5   | Killed a dire elephant
 26615 | Lair:5   | Killed a dire elephant
 27001 | Lair:5   | Identified the +5 shortbow of Kiuqemmuco {drain, *Slow
                  | rPois rN+}
 27245 | D:4      | Bought an Everburning Encyclopedia for 432 gold pieces
 27245 | D:4      | Bought a book of Flames for 336 gold pieces
 27394 | Swamp:1  | Entered Level 1 of the Swamp
 27394 | Swamp:1  | Noticed an eleionoma
 27405 | Lair:2   | Killed an eleionoma
 27596 | Swamp:1  | Noticed an eleionoma
 27610 | Swamp:1  | Killed an eleionoma
 27820 | Swamp:1  | Noticed an eleionoma
 27827 | Swamp:1  | Killed an eleionoma
 27838 | Swamp:1  | Identified the +1 ring mail "Loaxi" {Harm}
 28236 | Swamp:1  | Reached XP level 15. HP: 72/93 MP: 21/30
 29073 | Swamp:2  | Reached skill level 9 in Conjurations
 29843 | Swamp:2  | Offered knowledge of Plasma Beam by Vehumet.
 29907 | Swamp:3  | Noticed a fenstrider witch
 29908 | Swamp:3  | Paralysed by a fenstrider witch for 4 turns
 30170 | Swamp:2  | Paralysed by a fenstrider witch for 2 turns
 30176 | Swamp:2  | Killed a fenstrider witch
 30630 | Swamp:3  | Noticed Mlioglotl
 30970 | Swamp:3  | Noticed a thorn hunter
 32052 | D:11     | Offered knowledge of Lee's Rapid Deconstruction by Vehumet.
 32060 | D:11     | Learned a level 5 spell: Lee's Rapid Deconstruction
 32574 | D:11     | Found Teadas's Book Boutique.
 32678 | D:11     | Found a staircase to the Orcish Mines.
 32763 | Orc:1    | Entered Level 1 of the Orcish Mines
 32786 | Orc:1    | Noticed an orc warlord
 33041 | Orc:1    | Killed an orc warlord
 33406 | Orc:1    | Found Ziadduup's Assorted Antiques.
 33417 | Orc:1    | Bought a scroll of blinking for 195 gold pieces
 33417 | Orc:1    | Bought a lumpy red potion for 23 gold pieces
 33506 | Orc:1    | You are sucked into a shaft and drop 1 floor!
 33506 | Orc:2    | Entered Level 2 of the Orcish Mines
 33506 | Orc:2    | Found Peerr's Armour Emporium.
 33506 | Orc:2    | Found Huink's Antique Armour Shop.
 33509 | Orc:2    | Reached skill level 1 in Earth Magic
 33511 | Orc:2    | Reached XP level 16. HP: 88/100 MP: 30/32
 33516 | Orc:2    | Offered knowledge of Arcjolt by Vehumet.
 33568 | Orc:2    | Found Xekhagi's Distillery.
 33569 | Orc:2    | Found Voih's General Store.
 33576 | Orc:2    | Gained mutation: You have a pair of small horns on your
                  | head. [potion of mutation]
 33576 | Orc:2    | Gained mutation: You are clumsy. (Dex -2) [potion of
                  | mutation]
 34003 | Orc:1    | Lost mutation: You are clumsy. (Dex -2) [potion of
                  | mutation]
 34003 | Orc:1    | Lost mutation: You have a pair of small horns on your head.
                  | [potion of mutation]
 34003 | Orc:1    | Gained mutation: You have large cloven feet. [potion of
                  | mutation]
 34003 | Orc:1    | Gained mutation: Your spells are a little easier to cast,
                  | but a little less powerful. [potion of mutation]
 34004 | Orc:1    | Lost mutation: You have large cloven feet. [potion of
                  | mutation]
 34004 | Orc:1    | Lost mutation: Your spells are a little easier to cast, but
                  | a little less powerful. [potion of mutation]
 34004 | Orc:1    | Gained mutation: You are agile. (Dex +4, Str/Int -1)
                  | [potion of mutation]
 34004 | Orc:1    | Gained mutation: Your spells are a little harder to cast,
                  | but a little more powerful. [potion of mutation]
 34004 | Orc:1    | Gained mutation: You are partially covered in large bone
                  | plates. (SH +4) [potion of mutation]
 34004 | Orc:1    | Gained mutation: You are somewhat resistant to further
                  | mutation. [potion of mutation]
 34148 | Orc:2    | Found a staircase to the Elven Halls.
 34733 | Orc:2    | Bought a scroll of blinking for 120 gold pieces
 34733 | Orc:2    | Bought a +6 ring of intelligence for 576 gold pieces
 35186 | Elf:1    | Entered Level 1 of the Elven Halls
 36017 | D:12     | Noticed Urug
 36022 | D:12     | Killed Urug
 36791 | D:13     | Offered knowledge of Irradiate by Vehumet.
 36896 | D:13     | Noticed Lodul
 36901 | D:13     | Killed Lodul
 36904 | D:13     | Reached skill level 10 in Conjurations
 36977 | D:13     | Noticed a shadow dragon
 36979 | D:13     | Identified the +5 halberd "Votruxke" {drain, rF- rN+ Str+3}
 36986 | D:13     | Noticed Sonja
 37000 | D:13     | Killed a shadow dragon
 37001 | D:13     | Killed Sonja
 37141 | D:13     | an iron dragon changed into an acid blob
 37141 | D:13     | Noticed an acid blob (glowing shapeshifter)
 37150 | D:13     | an acid blob changed into a golden dragon
 37150 | D:13     | Noticed a golden dragon (glowing shapeshifter)
 37153 | D:13     | a golden dragon changed into a caustic shrike
 37153 | D:13     | Noticed a caustic shrike (glowing shapeshifter)
 37157 | D:13     | Noticed a shadow dragon
 37160 | D:13     | a shadow dragon changed into an eleionoma
 37924 | D:13     | Noticed Frances
 37932 | D:13     | Killed Frances
 38170 | D:13     | Found a gate to the Vaults.
 38533 | D:13     | Noticed Maurice
 38540 | D:13     | Killed Maurice
 39285 | D:14     | Reached XP level 17. HP: 50/106 MP: 8/33
 39712 | D:14     | Offered knowledge of Iron Shot by Vehumet.
 40370 | D:15     | Entered Level 15 of the Dungeon
 40665 | D:15     | Reached skill level 5 in Earth Magic
 40744 | D:15     | Found a staircase to the Depths.
 40769 | D:15     | Found a gate leading to a gauntlet.
 40782 | Gauntlet | Entered a Gauntlet
 40782 | Gauntlet | Found a transporter.
 40782 | Gauntlet | Found a transporter.
 40864 | Gauntlet | Found a transporter.
 40964 | Gauntlet | Found a transporter.
 40966 | Gauntlet | Identified the +2 cloak of Dato {Dex+3}
 40995 | Gauntlet | Found a transporter.
 41152 | Gauntlet | Found a transporter.
 41169 | Gauntlet | Found a transporter.
 41210 | Gauntlet | Got the Excursus on the Tempest
 41213 | Gauntlet | Identified the +0 helmet "Rutoe" {rN++ Str+5 Dex-5}
 41304 | Gauntlet | Found a transporter.
 41611 | Gauntlet | Identified the +2 helmet of the Frog {rF+ Str-4 Int+6
                  | Dex+2}
 41844 | D:4      | Bought a potion of curing for 36 gold pieces
 41844 | D:4      | Bought a potion of heal wounds for 60 gold pieces
 42383 | D:15     | Found a hazy altar of Hepliaklqana.
 43008 | Snake:1  | Entered Level 1 of the Snake Pit
 43190 | Snake:1  | Noticed Aizul
 43201 | Snake:1  | Killed Aizul
 43612 | Snake:1  | Noticed Josephine
 43615 | Snake:1  | Killed Josephine
 43887 | Snake:1  | Offered knowledge of Maxwell's Capacitive Coupling by
                  | Vehumet.
 43935 | Snake:1  | Found Memop's General Store.
 44025 | Snake:1  | Found Ickuil's Weapon Shop.
 44025 | Snake:1  | Found Lekim's Armour Boutique.
 44030 | Snake:1  | Found Ysmanur's Weapon Boutique.
 45313 | Snake:2  | Found an ornate altar of the Wu Jian Council.
 45349 | Snake:2  | Reached skill level 11 in Conjurations
 46538 | D:11     | Bought an Inescapable Atlas for 352 gold pieces
 46541 | D:11     | Learned a level 2 spell: Blink
 46672 | Snake:3  | Found Ezxikkex's Armour Shop.
 47138 | Snake:3  | Identified Roxanne's Handbook of the Mountains
 47138 | Snake:3  | Noticed Roxanne
 47313 | Snake:3  | Reached XP level 18. HP: 95/113 MP: 25/35
 47572 | Snake:3  | Reached skill level 15 in Fire Magic
 48493 | Snake:3  | Killed Roxanne
 48508 | Snake:3  | Learned a level 6 spell: Iron Shot
 48625 | Snake:4  | Entered Level 4 of the Snake Pit
 49512 | Snake:4  | Noticed Donald
 50101 | Snake:4  | Reached ****** piety under Vehumet
 50580 | Snake:4  | Killed Donald
 50934 | Snake:4  | Found Kogguke's Antique Armour Emporium.
 50939 | Snake:4  | Found Jadiwk's Assorted Antiques.
 50946 | Snake:4  | Bought a pair of transparent gloves for 342 gold pieces
 50946 | Snake:4  | Identified the +1 pair of gloves of the Dice {Harm} (You
                  | bought it in a shop on level 4 of the Snake Pit)
 51024 | Snake:4  | Offered knowledge of Lehudib's Crystal Spear by Vehumet.
 51024 | Snake:4  | Offered knowledge of Fire Storm by Vehumet.
 51024 | Snake:4  | Offered knowledge of Shatter by Vehumet.
 51955 | Snake:4  | Got a serpentine rune of Zot
 52565 | Swamp:3  | Paralysed by a fenstrider witch for 2 turns
 52667 | Swamp:3  | Killed Mlioglotl
 53004 | Swamp:3  | Found an ancient bone altar of Kikubaaqudgha.
 53235 | Swamp:3  | Reached XP level 19. HP: 110/119 MP: 29/37
 53251 | Swamp:3  | Got the Volume of Evil
 53411 | Swamp:4  | Entered Level 4 of the Swamp
 53486 | Swamp:4  | Reached skill level 10 in Polearms
 54007 | Swamp:4  | Reached skill level 12 in Conjurations
 54582 | Swamp:4  | Got a decaying rune of Zot
 54933 | Vaults:1 | Entered Level 1 of the Vaults
 57022 | Vaults:1 | Reached skill level 15 in Spellcasting
 58239 | Vaults:1 | Found a transporter.
 58241 | Vaults:1 | Noticed a dread lich
 58248 | Vaults:1 | Found a transporter.
 58842 | Vaults:2 | Found a staircase to the Crypt.
 58848 | Vaults:2 | Reached XP level 20. HP: 126/126 MP: 28/39
 59407 | Vaults:2 | Noticed Zenata
 59417 | Vaults:2 | Killed Zenata
 59488 | Vaults:2 | Noticed Jory
 60187 | Vaults:2 | Noticed Xtahua
 60212 | Vaults:2 | Paralysed by Xtahua for 3 turns
 60229 | Vaults:2 | Killed Xtahua
 60398 | Vaults:2 | Found Juytax's Jewellery Shop.
 61248 | Vaults:2 | Killed Jory
 61554 | Orc:2    | Bought 2 potions of cancellation for 240 gold pieces
 61554 | Orc:2    | Bought a potion of brilliance for 60 gold pieces
 61559 | Orc:2    | Bought 2 potions of heal wounds for 160 gold pieces
 61575 | Orc:2    | Bought a masterwork cloak for 351 gold pieces
 61575 | Orc:2    | Identified the +1 cloak of the Devil {Dex+6} (You bought it
                  | in a shop on level 2 of the Orcish Mines)
 61711 | Elf:1    | Learned a level 8 spell: Ignition
 61790 | Elf:1    | Noticed Azrael
 61798 | Elf:1    | Killed Azrael
 62104 | Elf:1    | Noticed Kirke
 62111 | Elf:1    | Killed Kirke
 62364 | Elf:1    | Paralysed by an air elemental for 1 turns
 63826 | Elf:1    | Identified the +1 helmet of the Shrike {rN+}
 64405 | Elf:2    | Reached skill level 10 in Dodging
 64410 | Elf:2    | Reached skill level 13 in Conjurations
 64484 | Elf:2    | Reached skill level 10 in Earth Magic
 64594 | Elf:2    | Found a runed translucent gate.
 64594 | Elf:2    | Found a runed translucent gate.
 64594 | Elf:2    | Found a runed translucent gate.
 64979 | Elf:2    | Identified the +0 scale mail of the Engineer {Will+ Regen+
                  | Str-5}
 65426 | Elf:2    | Reached XP level 21. HP: 84/132 MP: 2/40
 67392 | Vaults:3 | Found a runed translucent door.
 67392 | Vaults:3 | Noticed croobank's ghost (adept DsFE)
 68035 | Vaults:3 | Paralysed by a sphinx for 4 turns
 68040 | Vaults:3 | Reached skill level 10 in Armour
 69485 | Vaults:4 | Reached skill level 15 in Fighting
 70568 | Vaults:4 | Reached skill level 14 in Conjurations
 71199 | Vaults:4 | Found Emepluma's Jewellery Shop.
 71234 | Vaults:4 | Reached XP level 22. HP: 119/140 MP: 20/42
 72258 | Depths:1 | Entered Level 1 of the Depths
 72288 | Depths:1 | Found a flickering gateway to a bazaar.
 72295 | Bazaar   | Entered a bazaar
 72317 | Bazaar   | Found Xuim's Jewellery Shoppe.
 72430 | Bazaar   | Found Baqued's Antique Weapon Emporium.
 72442 | Bazaar   | Found Vaeczof's Armour Emporium.
 72462 | Bazaar   | Found Xomefrus's Antique Armour Shoppe.
 72526 | Bazaar   | Found Munt's Jewellery Emporium.
 73144 | Depths:1 | Paralysed by a floating eye for 3 turns
 73364 | Depths:1 | Found a one-way gate leading to the halls of Pandemonium.
 73409 | Depths:1 | Found a one-way gateway to a ziggurat.
 73770 | Depths:1 | Found Nuikesix's CLEARANCE SALE!.
 74220 | Depths:1 | Found an opulent altar of Gozag.
 74598 | Depths:1 | Found a gateway to Hell.
 74846 | Depths:1 | Identified the amulet "Qudoot" {Reflect Str+5 SH+5}
 75737 | Depths:2 | Got Sif Muna's Monograph on the Vexing Gang
 76227 | Depths:2 | Found Gayxtyus's Jewellery Boutique.
 76235 | Depths:2 | Bought the ring of Koimem {rPois rF+ rN+ Dex+3} for 980
                  | gold pieces
 76382 | Depths:2 | Reached skill level 15 in Conjurations
 77692 | Depths:3 | Found Ylasirame's Antique Armour Emporium.
 78185 | Depths:3 | Found a one-way gate to the infinite horrors of the Abyss.
 78187 | Depths:3 | Reached XP level 23. HP: 146/146 MP: 44/44
 78291 | Depths:3 | Noticed a golden dragon
 78915 | Depths:3 | Killed a golden dragon
 79164 | Depths:3 | Identified the amulet "Gaheug" {Fly Will+++ Regen+ Int-3}
 79282 | Depths:3 | Paralysed by a floating eye for 4 turns
 79309 | Depths:3 | Identified the ring of Ykhy {Str+2 SInv}
 79833 | Depths:4 | Entered Level 4 of the Depths
 79901 | Depths:4 | Noticed Parghit
 79902 | Depths:4 | Noticed Mennas
 79904 | Depths:4 | Noticed a golden dragon
 80111 | Depths:3 | Killed Mennas
 82192 | Slime:1  | Entered Level 1 of the Pits of Slime
 82288 | Slime:1  | Reached skill level 15 in Earth Magic
 83211 | Slime:3  | Reached skill level 16 in Conjurations
 83303 | Slime:3  | Gained mutation: You occasionally lose the ability to read
                  | scrolls when taking damage. [a shining eye]
 83467 | Slime:3  | You are sucked into a shaft and drop 1 floor!
 83493 | Slime:4  | Found a viscous altar of Jiyva.
 83532 | Slime:4  | Reached skill level 10 in Stealth
 83782 | Slime:3  | Noticed Dissolution
 83793 | Slime:3  | Killed Dissolution
 83987 | Slime:3  | Gained mutation: You have sharp toenails. [a shining eye]
 84302 | Slime:4  | Reached XP level 24. HP: 152/152 MP: 21/45
 84775 | Slime:4  | Learned a level 8 spell: Lehudib's Crystal Spear
 84779 | Slime:5  | Entered Level 5 of the Pits of Slime
 85100 | Slime:5  | Noticed the Royal Jelly
 85737 | Slime:5  | Found a viscous altar of Jiyva.
 85790 | Slime:5  | Killed the Royal Jelly
 85960 | Slime:5  | Got Qastraith's Cyclopedia of Sizzling Dark Words
 85970 | Slime:5  | Identified the amulet "Horumilu" {Acrobat Rampage rC+ Will+
                  | Dex+3}
 85975 | Slime:5  | Identified the staff of conjuration "Qahuoch" {Fly rF+
                  | Str+4 Dex-5}
 85982 | Slime:5  | Got the Volume of Disgusting Maleficent Mysteries
 86016 | Slime:5  | Identified the staff of poison "Julad" {rPois SInv}
 86029 | Slime:5  | Got a slimy rune of Zot
 86766 | Slime:3  | Found a corrupted altar of Lugonu.
 87431 | Elf:3    | Entered Level 3 of the Elven Halls
 87491 | Elf:3    | Found an ancient bone altar of Kikubaaqudgha.
 87536 | Elf:3    | Found a runed translucent door.
 87537 | Elf:3    | Noticed Taurus's ghost (adept MiFi)
 87562 | Elf:3    | Reached skill level 1 in Transmutations
 88877 | Elf:3    | Identified the +1 robe "Zoler" {Rampage SInv}
 88877 | Elf:3    | Identified the ring of Sloth {AC+4 Dex+4}
 89069 | Elf:3    | Identified the +7 long sword of Twilight {drain, Contam
                  | rF++ rN+}
 89069 | Elf:3    | Identified the ring of Obsession {rC+ rN+}
 89292 | Elf:3    | Identified the +3 broad axe of Theory {heavy, Int+4 Dex-4}
 89733 | Elf:3    | Reached skill level 17 in Conjurations
 90072 | Elf:3    | Identified the amulet "Suoterun" {Acrobat rN+ Will+ Int-2
                  | Dex+3}
 90443 | Elf:3    | Found the +2 pair of slick slippers {slick, slippery, EV+4}
 90490 | Elf:3    | Got Abitzauf's Parchment of the Gestalt
 91063 | Vaults:5 | Entered Level 5 of the Vaults
 91064 | Vaults:5 | Noticed a dread lich
 91071 | Vaults:5 | Noticed a dread lich
 91234 | Vaults:4 | Killed a dread lich
 91286 | Vaults:5 | Reached XP level 25. HP: 155/160 MP: 45/45
 91286 | Vaults:5 | Killed a dread lich
 91854 | Vaults:5 | Identified the +8 short sword of Departure {flame, rCorr}
 91854 | Vaults:5 | Identified the +5 sling of the Evil Eye {heavy, rCorr Dex-3
                  | Stlth+}
 92215 | Vaults:5 | Got the Commentary on Weird Virulence
 92229 | Vaults:5 | Got a silver rune of Zot
 92497 | Vaults:5 | Found the +8 demon blade "Leech" {evervamp, Harm Drain rN+}
 92505 | Vaults:5 | Identified the staff of air "Ivaraill" {rElec Str+2}
 92599 | Vaults:5 | Reached skill level 18 in Conjurations
 92731 | Vaults:5 | Identified the +6 shortbow "Vanomoig" {speed, +Blink MP+9
                  | Int+4}
 92959 | Vaults:5 | Identified the +6 halberd "Nueb" {venom, rElec}
 93436 | Vaults:5 | Identified the +1 ring mail of the Orb Guardian {Fly rF+
                  | Dex-3}
 93436 | Vaults:5 | Found the amulet of the Air {Inacc Air Fly rElec RMsl}
 94012 | Crypt:1  | Entered Level 1 of the Crypt
 95327 | Crypt:1  | Reached skill level 19 in Conjurations
 97237 | Crypt:3  | Entered Level 3 of the Crypt
 97568 | Crypt:3  | Reached skill level 20 in Conjurations
 97568 | Crypt:3  | Reached XP level 26. HP: 166/166 MP: 37/46
 97719 | Crypt:3  | Noticed an ancient lich
 97732 | Crypt:3  | Killed an ancient lich
 99069 | Crypt:3  | Reached skill level 21 in Conjurations
100394 | Crypt:3  | Found a staircase to the Tomb.
100607 | Crypt:3  | Found a basalt altar of Yredelemnul.
100807 | Crypt:3  | Found an ancient bone altar of Kikubaaqudgha.
100828 | Crypt:3  | Got Sif Muna's Omnibus of the Mortuary
100860 | Crypt:3  | Identified the staff of poison "Uvvustrar" {rPois rC++
                  | Int+4 Dex-2}
101041 | Tomb:1   | Entered Level 1 of the Tomb of the Ancients
101812 | Tomb:1   | Reached skill level 22 in Conjurations
101976 | Tomb:1   | Noticed a royal mummy
102115 | Tomb:1   | Killed a royal mummy
102169 | Tomb:1   | Learned a level 9 spell: Fire Storm
102521 | Tomb:1   | Noticed a royal mummy
102779 | Tomb:1   | Killed a royal mummy
104296 | Depths:4 | Found a gate to the Realm of Zot.
104673 | Depths:3 | Killed Parghit
104831 | Zot:1    | Entered Level 1 of the Realm of Zot
105233 | Zot:1    | Reached skill level 23 in Conjurations
106542 | Zot:1    | Reached XP level 27. HP: 165/171 MP: 31/47
109250 | Zot:2    | Reached skill level 24 in Conjurations
109562 | Zot:2    | Identified the orb "Ydwal" {light, rF- Regen+ SInv}
113808 | Zot:4    | Found the +4 dragonskin cloak
113808 | Zot:4    | Noticed Tiamat
113829 | Zot:4    | Killed Tiamat
114608 | Zot:5    | Entered Level 5 of the Realm of Zot
115154 | Zot:5    | Noticed a dread lich
115161 | Zot:5    | Killed a dread lich
115162 | Zot:5    | Reached skill level 25 in Conjurations
115637 | Zot:5    | Noticed an orb of fire
115778 | Zot:5    | Gained mutation: Your body sometimes deteriorates upon
                  | taking damage. [an orb of fire]
115786 | Zot:5    | Killed an orb of fire
115949 | Zot:5    | Noticed an orb of fire
115955 | Zot:5    | Noticed an orb of fire
115957 | Zot:5    | Gained mutation: You sometimes lose the ability to read
                  | scrolls when taking damage. [an orb of fire]
115960 | Zot:5    | Killed an orb of fire
115963 | Zot:5    | Gained mutation: You are occasionally teleported next to
                  | monsters. [an orb of fire]
115998 | Zot:5    | Killed an orb of fire
116339 | Zot:5    | Noticed an orb of fire
116340 | Zot:5    | Noticed an orb of fire
116347 | Zot:5    | Noticed an orb of fire
116349 | Zot:5    | Gained mutation: Your body often deteriorates upon taking
                  | damage. [an orb of fire]
116351 | Zot:5    | Noticed an orb of fire
116363 | Zot:5    | Gained mutation: You are often teleported next to monsters.
                  | [mutagenic glow]
116373 | Zot:5    | Gained mutation: You occasionally lose the ability to drink
                  | potions when taking damage. [mutagenic glow]
116393 | Zot:5    | Gained mutation: You are vulnerable to cold. (rC-)
                  | [mutagenic glow]
116484 | Zot:4    | Lost mutation: You sometimes lose the ability to read
                  | scrolls when taking damage. [potion of mutation]
116484 | Zot:4    | Lost mutation: You are often teleported next to monsters.
                  | [potion of mutation]
116484 | Zot:4    | Lost mutation: You are agile. (Dex +4, Str/Int -1) [potion
                  | of mutation]
116485 | Zot:4    | Lost mutation: You are partially covered in large bone
                  | plates. (SH +4) [potion of mutation]
116485 | Zot:4    | Lost mutation: You occasionally lose the ability to drink
                  | potions when taking damage. [potion of mutation]
116485 | Zot:4    | Lost mutation: You occasionally lose the ability to read
                  | scrolls when taking damage. [potion of mutation]
116486 | Zot:4    | Lost mutation: Your body often deteriorates upon taking
                  | damage. [potion of mutation]
116486 | Zot:4    | Lost mutation: You have sharp toenails. [potion of
                  | mutation]
116486 | Zot:4    | Lost mutation: You are occasionally teleported next to
                  | monsters. [potion of mutation]
116486 | Zot:4    | Gained mutation: You are agile. (Dex +4, Str/Int -1)
                  | [potion of mutation]
116487 | Zot:4    | Lost mutation: You are somewhat resistant to further
                  | mutation. [potion of mutation]
116487 | Zot:4    | Lost mutation: You are vulnerable to cold. (rC-) [potion of
                  | mutation]
116487 | Zot:4    | Lost mutation: Your spells are a little harder to cast, but
                  | a little more powerful. [potion of mutation]
116487 | Zot:4    | Gained mutation: Your flesh is cold resistant. (rC+)
                  | [potion of mutation]
116487 | Zot:4    | Lost mutation: Your flesh is cold resistant. (rC+) [potion
                  | of mutation]
116488 | Zot:4    | Lost mutation: You are agile. (Dex +4, Str/Int -1) [potion
                  | of mutation]
116488 | Zot:4    | Lost mutation: Your body sometimes deteriorates upon taking
                  | damage. [potion of mutation]
116488 | Zot:4    | Gained mutation: You are agile. (Dex +4, Str/Int -1)
                  | [potion of mutation]
116507 | Zot:5    | Lost mutation: You are agile. (Dex +4, Str/Int -1) [an orb
                  | of fire]
116509 | Zot:5    | Gained mutation: You occasionally lose the ability to drink
                  | potions when taking damage. [an orb of fire]
116509 | Zot:5    | Gained mutation: You occasionally lose the ability to read
                  | scrolls when taking damage. [an orb of fire]
116510 | Zot:5    | Killed an orb of fire
116511 | Zot:5    | Gained mutation: You sometimes lose the ability to drink
                  | potions when taking damage. [an orb of fire]
116628 | Zot:5    | Gained mutation: You have a somewhat thin skeletal
                  | structure. (Dex +2, Stealth+) [an orb of fire]
116635 | Zot:4    | Killed an orb of fire
116889 | Zot:5    | Gained mutation: You are clumsy. (Dex -2) [an orb of fire]
116890 | Zot:5    | Lost mutation: You are clumsy. (Dex -2) [an orb of fire]
116891 | Zot:5    | Gained mutation: Your magical capacity is low. (-10% MP)
                  | [an orb of fire]
116972 | Zot:5    | Gained mutation: You are frail. (-10% HP) [an orb of fire]
116978 | Zot:5    | Gained mutation: Armour fits poorly on your strangely
                  | shaped body. [an orb of fire]
116994 | Zot:4    | Killed an orb of fire
117125 | Zot:5    | Gained mutation: You are dopey. (Int -2) [an orb of fire]
117126 | Zot:5    | Killed an orb of fire
118087 | D:4      | Bought a potion of mutation for 96 gold pieces
118096 | D:4      | Bought a potion of haste for 250 gold pieces
118117 | D:4      | Bought a potion of magic for 104 gold pieces
118117 | D:4      | Bought a potion of haste for 130 gold pieces
118309 | Orc:2    | Bought a potion of curing for 45 gold pieces
118309 | Orc:2    | Bought a potion of magic for 120 gold pieces
118309 | Orc:2    | Bought a potion of mutation for 120 gold pieces
118309 | Orc:2    | Lost mutation: Your magical capacity is low. (-10% MP)
                  | [potion of mutation]
118309 | Orc:2    | Lost mutation: You occasionally lose the ability to read
                  | scrolls when taking damage. [potion of mutation]
118309 | Orc:2    | Lost mutation: Armour fits poorly on your strangely shaped
                  | body. [potion of mutation]
118310 | Orc:2    | Lost mutation: You sometimes lose the ability to drink
                  | potions when taking damage. [potion of mutation]
118310 | Orc:2    | Lost mutation: You are frail. (-10% HP) [potion of
                  | mutation]
118310 | Orc:2    | Gained mutation: You have an increased reservoir of magic.
                  | (+10% MP) [potion of mutation]
118310 | Orc:2    | Gained mutation: You are strong-willed. (Will+) [potion of
                  | mutation]
118311 | Orc:2    | Lost mutation: You are dopey. (Int -2) [potion of mutation]
118311 | Orc:2    | Lost mutation: You are strong-willed. (Will+) [potion of
                  | mutation]
118311 | Orc:2    | Lost mutation: You occasionally lose the ability to drink
                  | potions when taking damage. [potion of mutation]
118311 | Orc:2    | Gained mutation: You have a pair of small horns on your
                  | head. [potion of mutation]
118312 | Orc:2    | Lost mutation: You have an increased reservoir of magic.
                  | (+10% MP) [potion of mutation]
118312 | Orc:2    | Lost mutation: You have a somewhat thin skeletal structure.
                  | (Dex +2, Stealth+) [potion of mutation]
118312 | Orc:2    | Lost mutation: You have a pair of small horns on your head.
                  | [potion of mutation]
118312 | Orc:2    | Gained mutation: You have large cloven feet. [potion of
                  | mutation]
118312 | Orc:2    | Gained mutation: Your flesh is heat resistant. (rF+)
                  | [potion of mutation]
118312 | Orc:2    | Gained mutation: Your natural rate of healing is unusually
                  | fast. [potion of mutation]
118329 | Orc:2    | Bought a scroll of magic mapping for 120 gold pieces
118705 | Tomb:2   | Noticed a royal mummy
118728 | Tomb:2   | Noticed a royal mummy
118888 | Tomb:2   | Noticed a royal mummy
118893 | Tomb:2   | Noticed a royal mummy
118912 | Tomb:2   | Killed a royal mummy
118912 | Tomb:2   | Killed a royal mummy
118918 | Tomb:1   | Killed a royal mummy
119353 | Hell     | Entered the Vestibule of Hell
119353 | Hell     | Noticed Geryon
120214 | Zot:5    | Got the Orb of Zot
120245 | Zot:5    | Noticed Etynunn the pandemonium lord
120661 | D:12     | Gained mutation: You occasionally lose the ability to drink
                  | potions when taking damage. [a neqoxec]
120662 | D:12     | Gained mutation: You are frail. (-10% HP) [a neqoxec]
120663 | D:12     | Gained mutation: You sometimes lose the ability to drink
                  | potions when taking damage. [a neqoxec]
120864 | D:2      | Noticed Onuroner the pandemonium lord
120915 | D:$      | Escaped with the Orb!

Illustrated notes

Levels and vault maps discovered:
D:1:      heliophobic_arrival_henge, layout_basic,
          nicolae_ecumenical_snake_handling
D:2:      layout_basic
D:3:      layout_basic, amcnicky_altar_gilded, minmay_misc_feat_iff, uniq_ijyb,
          uniq_crazy_yiuf_cottage
D:4:      layout_basic, mainiacjoe_overflow_concentric_impassable, serial_shops,
          nicolae_shop_window_shopping, nicolae_wooded_promenade,
          nicolae_shop_vocational
D:5:      layout_loops_ring, okawaru_altar_gauntlet_db, tgw_xom,
          kennysheep_mini_moat, minmay_temple_entry_trees, uniq_prince_ribbit1
D:6:      layout_gridville, chequers_serial_rivers_marsh,
          kennysheep_generic_room_5
D:7:      layout_loops_cross
D:8:      layout_basic, uniq_maggie
D:9:      layout_roguey, nicolae_overflow_hidden_temple
D:10:     layout_basic, minitemple, hellmonk_lair_entry_icy
D:11:     layout_roguey [special_room_bee], erik_orc_2, serial_shops, shop
D:12:     layout_roguey, uniq_urug
D:13:     layout_basic, skrybe_vaults_entry_preservation,
          minmay_checkered_concentric_circles, uniq_frances, uniq_sonja,
          uniq_lodul, uniq_maurice
D:14:     wad_pebble_path, layout_loops_ring, kennysheep_decorative_pillar,
          serial_bayou_pond_e
D:15:     grunt_enter_depths_hoard, layout_rooms, roderic_lattice_a,
          gauntlet_entry_generic, nicolae_hepliaklqana_monster_ancestors
Temple:   hellmonk_temple_divided_pantheon
Lair:1:   layout_roguey, grunt_megastairs_1, serial_bayou_shore_a,
          serial_bayou_shore_b
Lair:2:   layout_cave_shapes, skrybe_swamp_entry_bodies
Lair:3:   layout_gridlike, guppyfry_snake_entry_island,
          chequers_serial_rivers_micro_d, kilobyte_rumbling_trees,
          lemuel_fruit_tree
Lair:4:   layout_gridlike, minivault_11, grunt_megastairs_5
Lair:5:   due_jungle_book, layout_small_grid, nicolae_slime_entry_slimehenge,
          uniq_rupert
Swamp:1:  layout_basic_swamp, hangedman_swamp_ruin_wall
Swamp:2:  layout_falls_marsh, evilmike_swamp_ruin_house_3
Swamp:3:  layout_basic_swamp, evilmike_swamp_ruin_house_5, beargit_kiku_chapel,
          infiniplex_staircase_pool, uniq_mlioglotl
Swamp:4:  swamp, layout_basic_swamp, infiniplex_staircase_pool_2
Snake:1:  layout_onion, minmay_shoptagon, uniq_aizul, uniq_josephine
Snake:2:  layout_gridlike, basic_altar, st_stairs_5
Snake:3:  layout_gridlike, serial_shops, shop, nicolae_snake_salamander_jacuzzi,
          uniq_roxanne
Snake:4:  johnstein_snake_rune_scales, layout_onion, minmay_shop_star,
          grunt_megastairs_2, uniq_donald
Slime:1:  layout_caves
Slime:2:  layout_caves, cheibrodos_slime_lost_civilization_5
Slime:3:  layout_caves, amcnicky_altar_lugonu_corruption, uniq_dissolution
Slime:4:  layout_caves, basic_altar
Slime:5
Orc:1:    layout_caves, serial_shops, shop
Orc:2:    st_orc_open, layout_diamond_mine
Elf:1:    nicolae_elf_arrival_no_cutting_in_line, layout_loops_corners,
          minivault_28, kilobyte_mutagenic_chamber, uniq_azrael, uniq_kirke
Elf:2:    elven_hall_of_blades_hangedman_original
          [nicolae_blade_entry_antechamber], layout_loops_corners,
          lemuel_elevator
Elf:3:    minmay_elf_hall_curves, layout_geoelf_diagonals, basic_altar,
          gammafunk_ghost_grave
Vaults:1: v_alt_pattern_5, nicolae_vaults_closet_pinwheel_2,
          nicolae_vaults_storage_room_statues, nicolae_vaults_rhombus_5,
          nicolae_vaults_closet_pinwheel_6, nicolae_vaults_tetromino_L_2,
          v_pattern_5, gammafunk_sealed_arena, v_misc_29,
          ontoclasm_vaults_fault, nicolae_vaults_diagonal_hallway_9,
          layout_vaults_big_room
Vaults:2: v_misc_11, ontoclasm_vaults_eye, hangedman_vaults_stretched_pinwheel,
          ontoclasm_vaults_spin, v_misc_13, nicolae_vaults_storage_closets_3,
          minmay_crypt_entry_simple_statues, hangedman_vaults_locks,
          vaults_dpeg_spiral, hangedman_vaults_hat, vaults_room_pools,
          nicolae_vaults_house_3, nicolae_vaults_know_your_exits,
          vaults_dpeg_emergency_exit, nicolae_vaults_apartment_2,
          nicolae_vaults_trapezoid_lopsided_1, ontoclasm_vaults_shuriken,
          layout_vaults_omnibox, serial_shops, nicolae_shop_waterfront,
          uniq_jory, uniq_margery, uniq_xtahua, uniq_zenata
Vaults:3: gammafunk_ghost_grave, hangedman_vaults_restitches,
          nicolae_vaults_loss_of_containment,
          nicolae_vaults_trapezoid_lopsided_4, nicolae_vaults_stepped_doors,
          nicolae_vaults_diagonal_hallway_6, hangedman_vaults_cutoff,
          nicolae_vaults_network_quinsquares
          [nicolae_vaults_network_quincunx_subvault,
          nicolae_vaults_network_quincunx_subvault,
          nicolae_vaults_network_quincunx_subvault,
          nicolae_vaults_network_quincunx_subvault], grunt_vaults_swirl,
          nicolae_vaults_more_shelving_2, ontoclasm_vaults_ligature, v_misc_14,
          nicolae_vaults_two_Ls, layout_vaults_big_cross
Vaults:4: dpeg_vaults_monster_box, hangedman_vaults_trim,
          nicolae_vaults_yaktaur_gun_rack, nicolae_vaults_shelves_hall,
          vaults_mumra_hex, nicolae_vaults_storage_closets_1, st_cross,
          v_misc_8, layout_vaults_quadrants, serial_shops, shop
Vaults:5
Crypt:1:  layout_catacombs
Crypt:2:  layout_chaotic_city, roderic_lattice_octagonal_star, uniq_josephina
Crypt:3:  lightli_unholy_cathedral, layout_chaotic_city,
          nicolae_tomb_entry_rubble_hallway, grunt_ministairs_1,
          grunt_megastairs_4
Tomb:1
Tomb:2
Depths:1: layout_twisted_cross, enter_ziggurat_b, hellmouth_1,
          nicolae_gozag_seed_capital, serial_shops, bzr_entry_lakeside,
          rand_demon_pan_entry_4, corner_web_ring, nicolae_shop_clearance
Depths:2: minmay_bloctagon, layout_cave_shapes, grunt_pan_entry_spiral,
          serial_shops, shop, hangedman_abyss_or_decor_lesser_grid,
          hangedman_geh_valley, infiniplex_staircase_pillars_1, firewood_loft
Depths:3: hangedman_arch_fort, layout_gridlike, kennysheep_nondescript,
          minmay_room_of_horrors, serial_shops, shop, hell_entry,
          minmay_door_square
Depths:4: evilmike_zot_entry_argh, layout_cave_pools, hell_entry,
          abandoned_shop, uniq_parghit, uniq_mennas
Hell
Zot:1:    infiniplex_zot_generator, layout_gridlike, skrybe_zot_glass_2
Zot:2:    layout_twisted_circle
Zot:3:    layout_concentric_octagons
Zot:4:    layout_gridlike, uniq_tiamat
Zot:5:    layout_basic, drop_trap

Skill      XL: |  1  2  3  4  5  6  7  8  9 10 11 12 13 14 15 16 17 18 19 20 21 22 23 24 25 26 27 |
---------------+----------------------------------------------------------------------------------+-----
Fighting       | 1 2 3 4 5 6 7 8 9 10 11 12 13 14 15 16 17 18 | 18.7
Dodging        | 2 3 4 5 6 7 8 9 10 11 12 13 | 13.8
Conjurations   | 2 3 4 5 7 8 9 10 11 12 13 14 15 16 17 20 23 25 | 25.0
Stealth        | 3 4 5 6 8 10 12 | 12.0
Spellcasting   | 3 4 5 6 7 8 9 10 11 12 13 14 15 16 17 18 19 20 21 | 21.0
Fire Magic     | 4 5 6 7 8 9 10 11 12 13 14 15 16 17 18 19 20 21 | 21.9
Armour         | 2 3 4 5 6 7 8 9 10 12 | 12.9
Evocations     | 1 2 3 4 |  4.0
Staves         | 1 2 |  2.3
Translocations | 2 3 4 5 6 |  6.1
Polearms       | 1 2 3 4 5 6 7 8 9 11 | 11.9
Poison Magic   | 2 3 4 |  4.0
Air Magic      | 2 3 |  3.0
Earth Magic    | 1 4 6 7 9 10 12 13 16 18 19 20 | 20.5
Transmutations | 4 |  4.0

Action                     |  1- 3 |  4- 6 |  7- 9 | 10-12 | 13-15 | 16-18 | 19-21 | 22-24 | 25-27 || total
---------------------------+-------+-------+-------+-------+-------+-------+-------+-------+-------++-------
  Melee: Unarmed           |     6 |       |       |       |       |       |       |       |       ||     6
         Spear             |     1 |    26 |       |       |       |       |       |       |       ||    27
         Quarterstaff      |       |       |     5 |    38 |       |       |       |       |       ||    43
         Lance             |       |       |       |    66 |   246 |   601 |   350 |   264 |   305 ||  1832
         Punch             |       |       |       |     2 |     5 |    15 |     6 |     2 |     8 ||    38
         Staff             |       |       |       |       |       |       |       |     2 |     1 ||     3
   Cast: Foxfire           |    52 |    50 |   137 |   190 |   282 |   236 |   116 |    16 |     2 ||  1081
         Scorch            |     9 |    29 |   109 |   374 |   455 |   586 |   628 |   136 |     7 ||  2333
         Volatile Blastmot |       |       |     5 |    24 |       |       |       |       |       ||    29
         Gell's Gravitas   |       |       |       |     2 |       |     1 |       |       |       ||     3
         Mephitic Cloud    |       |       |       |    12 |    29 |     7 |     4 |       |       ||    52
         Fireball          |       |       |       |     2 |    13 |    31 |    66 |    16 |     2 ||   130
         Starburst         |       |       |       |       |   152 |   200 |   229 |    83 |    18 ||   682
         Iskenderun's Myst |       |       |       |       |     1 |     1 |     1 |       |       ||     3
         Lee's Rapid Decon |       |       |       |       |       |    30 |    56 |    56 |       ||   142
         Blink             |       |       |       |       |       |     4 |     6 |    18 |    14 ||    42
         Flame Wave        |       |       |       |       |       |     2 |       |       |       ||     2
         Iron Shot         |       |       |       |       |       |       |    26 |   202 |   756 ||   984
         Ignition          |       |       |       |       |       |       |    11 |   230 |   228 ||   469
         Lehudib's Crystal |       |       |       |       |       |       |       |    22 |    94 ||   116
         Fire Storm        |       |       |       |       |       |       |       |       |    17 ||    17
  Evoke: Wand              |       |       |     1 |    44 |     4 |       |     1 |     1 |       ||    51
         Lightning rod     |       |       |       |       |       |     1 |       |       |       ||     1
         Piece from Xom's  |       |       |       |       |       |     1 |       |       |       ||     1
    Use: Scroll            |     5 |     3 |    11 |     7 |    14 |    10 |     2 |     7 |    22 ||    81
         Potion            |       |     4 |     4 |     4 |     8 |    13 |     4 |    10 |    26 ||    73
   Stab: Sleeping          |       |       |       |       |       |     1 |       |       |       ||     1
         Distracted        |       |       |       |       |       |       |     1 |       |     1 ||     2
 Armour: Robe              |    14 |    28 |     8 |       |       |       |       |       |       ||    50
         Steam dragon scal |       |       |     6 |   307 |   558 |   483 |   413 |   294 |   457 ||  2518
  Dodge: Dodged            |    21 |    43 |    31 |   346 |   637 |   650 |   614 |   465 |   745 ||  3552
  Block: Other             |       |       |       |       |       |   157 |   101 |    72 |    77 ||   407
